 Dungeon Crawl Stone Soup version 0.29.1-2-gbd0b4ee654 (webtiles) character file.

Game seed: 4698661713766053170

364 styxcanada the Covert (level 6, -1/30 HPs)
             Began as a Spriggan Brigand on Oct 28, 2022.
             Slain by a phantom (6 damage)
             ... on level 4 of the Dungeon.
             The game lasted 00:11:25 (3526 turns).

styxcanada the Covert (Spriggan Brigand)            Turns: 3526, Time: 00:11:25

Health: -1/30      AC:  5    Str:  7    XL:     6   Next: 39%
Magic:  7/7        EV: 17    Int: 13    God:
Gold:   198        SH:  0    Dex: 18    Spells: 5/5 levels left

rFire   . . .      SeeInvis +   q - +2 dagger (venom)
rCold   + + .      Faith    .   (no shield)
rNeg    . . .      Spirit   .   s - +2 robe {rC+}
rPois   .          Reflect  .   (helmet restricted)
rElec   .          Harm     .   c - +0 cloak
rCorr   .          Rampage  .   (gloves unavailable)
Will    +....                   (boots unavailable)
Stlth   +++++.....              (no amulet)
HPRegen 0.10/turn               n - ring of wizardry
MPRegen 0.10/turn               o - ring of protection from cold

@: very quick
A: very small, no large weapons, unfitting armour, see invisible, speed 3
a: no special abilities


You were on level 4 of the Dungeon.
You visited 1 branch of the dungeon, and saw 4 of its levels.

You collected 198 gold pieces.

Inventory:

Hand Weapons
 a - a +2 dagger
 f - a +0 sling
 q - a +2 dagger of venom (weapon)
Missiles
 d - 13 poisoned darts (quivered)
 e - 3 curare-tipped darts
 r - 9 stones
Armour
 c - a +0 cloak (worn)
 s - a +2 robe of cold resistance (worn)
Jewellery
 b - a ring of wizardry
 n - a ring of wizardry (left hand)
 o - a ring of protection from cold (right hand)
 t - an amulet of faith
 u - a ring of wizardry
Scrolls
 i - 4 scrolls of immolation
 j - a scroll of teleportation {unknown}
 m - a scroll of poison {unknown}
 p - a scroll of silence {unknown}
Potions
 g - a potion of curing
 h - a potion of haste {unknown}
 k - a potion of heal wounds {unknown}
 l - 2 potions of might
 v - a potion of attraction


   Skills:
 * Level 2.2 Fighting
 + Level 3.6 Short Blades
 + Level 2.7 Throwing
 * Level 2.4 Dodging
 * Level 9.8 Stealth


You had 5 spell levels left.
You didn't know any spells.
Your spell library was empty.

Dungeon Overview and Level Annotations

Branches:
Dungeon (4/15)
 Temple: D:4-7

Altars:
Kikubaaqudgha
Vehumet


Innate Abilities, Weirdness & Mutations

You are very small and have problems with some larger weapons.
You are too small for most types of armour.
You have supernaturally acute eyesight. (SInv)
You cover ground extremely quickly. (Speed+++)


Message History

You kill the dart slug!
The phantom hits you.
The phantom blinks!
You blink.
Found a stone staircase leading down.
You hit the phantom but do no damage. The phantom misses you.
You hit the phantom.
The phantom is lightly damaged.
The phantom hits you but does no damage.
You hit the phantom but do no damage.
The phantom is lightly damaged.
The phantom misses you.
You hit the phantom.
The phantom is lightly damaged.
You hit the phantom.
The phantom is lightly damaged.
The phantom barely misses you.
You barely miss the phantom.
The phantom is lightly damaged.
The phantom barely misses you.
You hit the phantom.
The phantom is moderately damaged.
The phantom hits you.
The phantom blinks!
You blink.
You hit the phantom.
The phantom is moderately damaged.
The phantom hits you.
You hit the phantom but do no damage.
The phantom is moderately damaged.
The phantom hits you.
The phantom blinks!
You blink.
You hit the phantom.
The phantom is moderately damaged.
You closely miss the phantom.
The phantom is moderately damaged.
The phantom misses you.
You hit the phantom but do no damage.
The phantom is moderately damaged.
The phantom hits you.
* * * LOW HITPOINT WARNING * * *
You hit the phantom.
The phantom is moderately damaged.
The phantom hits you.
You die...

......##..(.....###......#..
. ....##..†.....##.#...###.
#.......>....#####.)####
##............#..#...# #.
....#.....(..........#
.##....).†####.##......#
.#.......####.###..##....
#.#......W.##..#.........
##.#.###@..##............
#.#..##...#..#..........
#...........##.........
#†.....#..............
o##....###..........
#.#.....#........##.
#..†............#
....#..............#
....................#


You could see a phantom.

Vanquished Creatures
  Sigmund (D:2)
  An ogre (D:4)
  An orc priest (D:3)
  An adder (D:2)
  3 worms
  3 dart slugs
  5 orcs
  7 ball pythons
  5 bats
  11 endoplasms
  7 giant cockroaches
  4 goblins
  5 hobgoblins
  2 quokkas
  4 frilled lizards
  5 kobolds
  3 rats
68 creatures vanquished.

Vanquished Creatures (others)
  A human (D:3)
  3 fungi (D:2)
  8 plants
12 creatures vanquished.

Grand Total: 80 creatures vanquished

Notes
Turn   | Place    | Note
-------+----------+-------------------------------------------
     0 | D:1      | styxcanada the Spriggan Brigand began the quest for the
                  | Orb.
     0 | D:1      | Reached XP level 1. HP: 10/10 MP: 2/2
    49 | D:1      | Reached skill level 6 in Stealth
   340 | D:1      | Reached XP level 2. HP: 10/14 MP: 3/3
   641 | D:1      | Reached skill level 7 in Stealth
  1093 | D:2      | Reached XP level 3. HP: 18/18 MP: 4/4
  1140 | D:2      | Noticed Sigmund
  1145 | D:2      | Killed Sigmund
  1146 | D:2      | Reached skill level 9 in Stealth
  1146 | D:2      | Reached XP level 4. HP: 23/23 MP: 5/5
  1146 | D:2      | Reached XP level 5. HP: 26/26 MP: 6/6
  1317 | D:2      | Found a faded altar of an unknown god.
  2095 | D:3      | Found a radiant altar of Vehumet.
  2114 | D:3      | Found an ancient bone altar of Kikubaaqudgha.
  2115 | D:3      | Noticed a human
  2118 | D:3      | Killed a human
  3242 | D:4      | Reached XP level 6. HP: 30/30 MP: 7/7
  3526 | D:4      | Slain by a phantom

Illustrated notes

Levels and vault maps discovered:
D:1:      ncdulo_watergridlock, layout_loops_corners, serial_park_tiny_pond
D:2:      layout_loops_ring, shapermc_ecumenical_altar_mp_urbaneastern,
          uniq_sigmund
D:3:      layout_basic, tgw_kikubaaqudgha, mainiacjoe_overflow_tiny_flanked
D:4:      layout_cave_pools, kennysheep_little_box,
          minmay_temple_entry_enclosed_plants, serial_bayou_pond_c,
          minmay_manual_mess

Skill      XL: |  1  2  3  4  5 |
---------------+----------------+-----
Stealth        | 6 7 9 |  9.8
Short Blades   | 3 |  3.6
Fighting       | 2 |  2.2
Dodging        | 2 |  2.4
Throwing       | |  2.7

Action                   |  1- 3 |  4- 6 || total
-------------------------+-------+-------++-------
Melee: Dagger            |    46 |   125 ||   171
Throw: Dart              |     5 |    35 ||    40
  Use: Scroll            |       |     6 ||     6
 Stab: Sleeping          |    12 |     9 ||    21
Armor: Robe              |     7 |    14 ||    21
Dodge: Dodged            |    16 |    66 ||    82
